 Dungeon Crawl Stone Soup version 0.30-a0-219-gf2db51d15e (webtiles) character file.

Game seed: 406983060213757987

7913 Decritt the Fighter (level 11, -11/92 HPs)
             Began as a Demonspawn Cinder Acolyte on Oct 7, 2022.
             Was a Believer of Ignis.
             Mangled by a two-headed ogre
             ... wielding a +0 giant club
              (19 damage)
             ... on level 9 of the Dungeon.
             The game lasted 00:26:54 (9894 turns).

Decritt the Fighter (Demonspawn Cinder Acolyte)     Turns: 9894, Time: 00:26:55

Health: -11/92     AC: 11    Str: 25    XL:     11   Next: 3%
Magic:  0/12       EV: 10    Int: 22    God:    Ignis [**....]
Gold:   442        SH:  8    Dex:  8    Spells: 12/12 levels left

rFire   + . .      SeeInvis .    g - +4 hand axe (venom)
rCold   . . .      Faith    .    (no shield)
rNeg    . . .      Spirit   +    w - +0 scale mail
rPois   .          Reflect  .    (no helmet)
rElec   .          Harm     .    I - +0 cloak
rCorr   .          Rampage  .    (no gloves)
Will    .....                    x - +0 pair of boots
Stlth   ..........               F - amulet of the acrobat
HPRegen 0.35/turn                i - +6 ring of intelligence
MPRegen 0.26/turn                q - +6 ring of strength

@: no status effects
A: large bone plates 3, demonic guardian 1, magic shield, magic regeneration,
demonic touch 1
a: Renounce Religion, Fiery Armour, Foxfire Swarm


You were on level 9 of the Dungeon.
You worshipped Ignis.
Ignis was pleased with you.
You visited 2 branches of the dungeon, and saw 10 of its levels.
You also visited: Sewer and Bailey.

You collected 442 gold pieces.

Inventory:

Hand Weapons
 a - a +2 hand axe of flaming
 g - a +4 hand axe of venom (weapon)
 v - the +2 sling of Cataclysm {venom, rF++ rC+}
   (You took it off a kobold on level 3 of the Dungeon)

   Any ammunition fired from it poisons the flesh of those it strikes.
   rF:        It greatly protects you from fire.
   rC:        It protects you from cold.
 L - the +5 flail of Dust {flame, rElec rF- Str+3 Int+2}
   (You took it off a kobold in a bailey)

   It burns those it strikes, dealing additional fire damage.
   Str:       It affects your strength (+3).
   Int:       It affects your intelligence (+2).
   rF:        It makes you vulnerable to fire.
   rElec:     It insulates you from electricity.
Armour
 b - a +0 robe
 j - a +1 pair of gloves
 w - a +0 scale mail (worn)
 x - a +0 pair of boots (worn)
 G - a scarf of invisibility
 I - a +0 cloak (worn)
Jewellery
 i - a +6 ring of intelligence (left hand)
 q - a +6 ring of strength (right hand)
 F - an amulet of the acrobat (around neck)
 H - an amulet of magic regeneration
Wands
 d - a wand of iceblast (17)
 p - a wand of digging (5)
 y - a wand of acid (10)
 A - a wand of polymorph (9)
 D - a wand of flame (37)
 J - a wand of paralysis (3)
Scrolls
 c - 7 scrolls of teleportation
 r - 2 scrolls of identify
 u - a scroll of acquirement
 C - 4 scrolls of fog
 M - a scroll of magic mapping {unknown}
 O - a scroll of amnesia {unknown}
 P - a scroll of enchant weapon
 Q - a scroll of brand weapon
Potions
 e - 2 potions of heal wounds
 f - 2 potions of might
 h - 9 potions of curing
 k - 5 potions of magic
 l - 2 potions of mutation
 m - 4 potions of degeneration
 n - a potion of berserk rage
 o - 2 potions of invisibility
 s - 3 potions of haste
 t - a potion of brilliance
 z - 3 potions of ambrosia
 B - 2 potions of resistance
 E - a potion of attraction {unknown}
 K - 5 potions of flight
 N - 2 potions of cancellation {unknown}


   Skills:
 + Level 10.3 Fighting
 + Level 9.5 Axes
 + Level 8.7 Armour
 + Level 2.2 Dodging
 - Level 1.0 Spellcasting
 - Level 2.6 Fire Magic


You had 12 spell levels left.
You didn't know any spells.
Your spell library contained the following spells:

 Spells                   Type           Power      Damage    Failure   Level
 Scorch                   Fire           24%        2d6       16%         2
 Apportation              Tloc           2%         N/A       30%         1
 Magic Dart               Conj           4%         1d3       30%         1
 Necrotise                Necr           4%         1d4       30%         1
 Summon Small Mammal      Summ           4%         N/A       30%         1
 Blink                    Tloc           2%         N/A       43%         2
 Call Imp                 Summ           1%         N/A       43%         2
 Momentum Strike          Conj/Tloc      2%         3d8       43%         2
 Static Discharge         Conj/Air       2%         2-3/arc   43%         2
 Inner Flame              Hex/Fire       7%         N/A       47%         3
 Lesser Beckoning         Tloc           2%         N/A       67%         3
 Mephitic Cloud           Conj/Pois/Air  1%         N/A       67%         3
 Vhi's Electric Charge    Tloc/Air       2%         N/A       67%         3
 Flame Wave               Conj/Fire      7%         2d5       87%         4
 Sticky Flame             Conj/Fire      7%         2d3       87%         4
 Animate Dead             Necr           1%         N/A       97%         4
 Arcjolt                  Conj/Air       0%         1d10      100%        5
 Borgnjor's Vile Clutch   Necr/Erth      0%         N/A       100%        5
 Lightning Bolt           Conj/Air       0%         1d11      100%        5
 Death Channel            Necr           0%         N/A       100%        6


Dungeon Overview and Level Annotations

Branches:
Dungeon (9/15)             Temple (1/1) D:4             Orc (0/2) D:9
  Sewer (visited)          Bailey (visited)
   Lair: D:8-11

Altars:
Ashenzari
Cheibriados
Dithmenos
Fedhas
Gozag
Hepliaklqana
Kikubaaqudgha
Makhleb
Nemelex Xobeh
Okawaru
Qazlal
Ru
Sif Muna
Trog
Uskayaw
Vehumet
Wu Jian
Xom
Yredelemnul

Shops:
D:5 =   D:7 [

Annotations:
D:7 1 runed translucent door, DungeonDestroyer's ghost, novice GnFi


Innate Abilities, Weirdness & Mutations

You are completely covered in large bone plates. (SH +8)
A weak demonic guardian rushes to your aid.
When hurt, damage is shared between your health and your magic reserves.
You regenerate magic rapidly.
Your touch may inflict minor irresistible damage on your foes.


Message History

You kill the howler monkey!
You see here a howler monkey corpse.
Found a staircase to the Orcish Mines.
No target in view!
No target in view!
Found a stone staircase leading down.
N - 2 bubbling brown potions (gained 1)
A two-headed ogre comes into view. It is wielding two +0 giant clubs.
The two-headed ogre shouts in stereo!
The two-headed ogre completely misses you.
You block the two-headed ogre's attack.
You barely miss the two-headed ogre.
You touch the two-headed ogre!
The two-headed ogre is lightly wounded.
You hit the two-headed ogre.
The two-headed ogre is poisoned.
The two-headed ogre is lightly wounded.
The two-headed ogre hits you with a +0 giant club! x2
You hit the two-headed ogre but do no damage.
The two-headed ogre looks as sick as possible!
You punch the two-headed ogre.
The two-headed ogre is moderately wounded.
You slash the two-headed ogre!
The two-headed ogre looks as sick as possible!
The two-headed ogre is heavily wounded.
The two-headed ogre hits you with a +0 giant club!
The two-headed ogre closely misses you.
You hit the two-headed ogre.
The two-headed ogre looks as sick as possible!
The two-headed ogre is severely wounded.
You hit the two-headed ogre.
The two-headed ogre looks as sick as possible!
The two-headed ogre is severely wounded.
The two-headed ogre hits you with a +0 giant club!!
* * * LOW HITPOINT WARNING * * *
The two-headed ogre hits you with a +0 giant club.
* * * LOW HITPOINT WARNING * * *
The two-headed ogre attacks as you move away!
The two-headed ogre hits you with a +0 giant club!
* * * LOW HITPOINT WARNING * * *
The two-headed ogre hits you with a +0 giant club!!
You die...

#...........#
#.............. ..#
##...).......... ..###.
...###.......#..##.....
...# #.####..#.......#
.(.# #.# #..#......#
...# #.# #..#......# #.
...# #.# #..#.O....# #.
...# #.# #..#..@...# #.
+#.###.# #..#......#
##### #.
_+.....####..#......#
#..... #.
'#...........#......#
#..##.###.
...###.####..#......#
#..##..... ...# #.#
#..#......####..##.....
...# #.#
#..#...[........##.##..
...# #.#
#..#............##.##..
##.# #.#
#..#.......##...##.##..


You could see a two-headed ogre (extremely poisoned).

Vanquished Creatures
  A two-headed ogre (D:9)
  An orc knight (Bailey)
  Pikel (D:5)
  Maurice (D:8)
  Joseph (D:9)
  Maggie (D:9)
  A hornet (D:9)
  Sigmund (D:5)
  3 wyverns
  Eustachio (D:4)
  3 yaks (D:8)
  A steam dragon (D:7)
  Menkaure (D:6)
  Edmund (D:5)
  An acid dragon (D:7)
  A water moccasin (D:7)
  7 orc warriors
  A sky beast (D:7)
  2 ogres
  2 centaurs
  A lemure (D:5)
  A phantom (D:6)
  3 kobold brigands
  A necrophage (D:3)
  4 scorpions
  4 bullfrogs
  8 howler monkeys
  3 hounds
  9 orc priests
  An iguana (D:5)
  Crazy Yiuf (D:6)
  Jessica (D:3)
  Ijyb (D:3)
  12 orc wizards
  Natasha (thrice) (D:4)
  7 gnolls
  A river rat (D:4)
  8 adders
  A shadow imp (D:7)
  3 ufetubi
  4 worms
  3 dart slugs
  42 orcs
  10 endoplasms
  5 giant cockroaches
  11 goblins
  8 hobgoblins
  9 jackals
  19 kobolds
  5 quokkas
  7 ball pythons
  5 bats
  5 frilled lizards
  13 rats
251 creatures vanquished.

Vanquished Creatures (collateral kills)
  An orc warrior (Bailey)
  2 adders (D:2)
  4 kobolds (Bailey)
7 creatures vanquished.

Vanquished Creatures (others)
  A butterfly (D:8)
  4 fungi (D:3)
  3 plants (D:3)
8 creatures vanquished.

Grand Total: 266 creatures vanquished

Notes
Turn   | Place    | Note
-------+----------+-------------------------------------------
     0 | D:1      | Decritt the Demonspawn Cinder Acolyte began the quest for
                  | the Orb.
     0 | D:1      | Reached XP level 1. HP: 18/18 MP: 2/2
   125 | D:1      | Gained mutation: You are partially covered in large bone
                  | plates. (SH +4) [demonic ancestry]
   125 | D:1      | Reached XP level 2. HP: 24/24 MP: 3/3
   952 | D:2      | Gained mutation: A weak demonic guardian rushes to your
                  | aid. [demonic ancestry]
   952 | D:2      | Reached XP level 3. HP: 23/30 MP: 4/4
  1568 | D:2      | Reached skill level 4 in Fighting
  1568 | D:2      | Gained mutation: You are mostly covered in large bone
                  | plates. (SH +6) [demonic ancestry]
  1568 | D:2      | Reached XP level 4. HP: 20/37 MP: 5/5
  2027 | D:3      | Noticed Jessica
  2058 | D:3      | Killed Jessica
  2059 | D:3      | Reached skill level 1 in Armour
  2430 | D:3      | Identified a scroll of acquirement
  2449 | D:3      | Noticed Ijyb
  2456 | D:3      | Killed Ijyb
  2496 | D:3      | Gained mutation: You are completely covered in large bone
                  | plates. (SH +8) [demonic ancestry]
  2496 | D:3      | Reached XP level 5. HP: 42/42 MP: 6/6
  2791 | D:3      | Identified the +2 sling of Cataclysm {venom, rF++ rC+}
  3105 | D:3      | Gained mutation: You regenerate magic rapidly. [demonic
                  | ancestry]
  3105 | D:3      | Reached XP level 6. HP: 49/49 MP: 7/7
  3237 | D:3      | Found a faded altar of an unknown god.
  3399 | D:4      | Reached skill level 5 in Fighting
  3528 | D:4      | Found a staircase to the Ecumenical Temple.
  3556 | D:4      | Found a glowing drain.
  3559 | D:4      | Noticed Natasha
  3568 | D:4      | Killed Natasha
  3575 | Sewer    | Entered a sewer
  3611 | Sewer    | Reached XP level 7. HP: 44/56 MP: 8/8
  3824 | Sewer    | Reached skill level 5 in Axes
  4161 | D:4      | Noticed Eustachio
  4192 | D:4      | Noticed Natasha
  4200 | D:4      | Killed Eustachio
  4201 | D:4      | Reached skill level 6 in Fighting
  4281 | D:4      | Killed Natasha
  4522 | D:5      | Entered Level 5 of the Dungeon
  4570 | D:5      | Noticed Sigmund
  4582 | D:5      | Gained mutation: Your touch may inflict minor irresistible
                  | damage on your foes. [demonic ancestry]
  4582 | D:5      | Reached XP level 8. HP: 47/64 MP: 9/9
  4586 | D:5      | Killed Sigmund
  4672 | D:5      | Found Costenihevo's Jewellery Shop.
  4831 | D:5      | Noticed Pikel
  4835 | D:5      | Reached skill level 5 in Armour
  4848 | D:5      | Killed Pikel
  4849 | D:5      | Reached skill level 7 in Fighting
  5033 | D:5      | Found a blossoming altar of Fedhas.
  5493 | D:5      | Noticed Edmund
  5503 | D:5      | Killed Edmund
  5504 | D:5      | Reached XP level 9. HP: 59/72 MP: 10/10
  5847 | D:6      | Reached skill level 8 in Fighting
  6007 | D:6      | Found a runed translucent door.
  6008 | D:6      | Noticed Crazy Yiuf
  6080 | D:6      | Noticed Menkaure
  6084 | D:6      | Killed Menkaure
  6244 | D:6      | Killed Crazy Yiuf
  6481 | D:7      | Found Suawk's Armour Boutique.
  6499 | D:7      | Found a runed translucent door.
  6499 | D:7      | Noticed DungeonDestroyer's ghost (novice GnFi)
  6577 | D:7      | Found a flagged portal.
  6595 | Bailey   | Entered a bailey
  6724 | Bailey   | Identified the +5 flail of Dust {flame, rElec rF- Str+3
                  | Int+2}
  6725 | Bailey   | Noticed an orc knight
  6750 | Bailey   | Killed an orc knight
  6751 | Bailey   | Reached skill level 9 in Fighting
  6756 | Bailey   | Gained mutation: When hurt, damage is shared between your
                  | health and your magic reserves. [demonic ancestry]
  6756 | Bailey   | Reached XP level 10. HP: 34/83 MP: 11/11
  8371 | D:8      | Noticed Maurice
  8380 | D:8      | Paralysed by something for 2 turns
  8408 | D:8      | Paralysed by something for 4 turns
  8416 | D:8      | Killed Maurice
  8873 | D:9      | Reached skill level 10 in Fighting
  9025 | D:4      | Noticed Natasha
  9031 | D:4      | Killed Natasha
  9041 | Temple   | Entered the Ecumenical Temple
  9402 | D:9      | Noticed Joseph
  9413 | D:9      | Killed Joseph
  9414 | D:9      | Reached skill level 1 in Dodging
  9437 | D:9      | Noticed Maggie
  9442 | D:9      | Noticed a two-headed ogre
  9448 | D:9      | Killed Maggie
  9453 | D:9      | Killed a two-headed ogre
  9623 | D:9      | Found a sacrificial altar of Ru.
  9695 | D:9      | Reached XP level 11. HP: 68/92 MP: 8/12
  9861 | D:9      | Found a staircase to the Orcish Mines.
  9884 | D:9      | Noticed a two-headed ogre
  9894 | D:9      | Mangled by a two-headed ogre

Illustrated notes

Levels and vault maps discovered:
D:1:      psy_arrival_conway, layout_basic
D:2:      layout_loops_ring
D:3:      layout_basic, zin_academy, shapermc_ecumenical_altar_petra,
          minmay_vboxes, uniq_ijyb, uniq_jessica
D:4:      layout_cave_pools, minmay_temple_entry_glass, portal_sewer_entry_b,
          minmay_stone_trees_large, minmay_misc_feat_cross, uniq_eustachio,
          uniq_natasha
D:5:      layout_loops_ring, fedhas_ov_isle_minmay, serial_shops,
          nicolae_take_the_stairs, uniq_sigmund, uniq_pikel, uniq_edmund
D:6:      layout_rooms, uniq_crazy_yiuf_cottage, uniq_menkaure
D:7:      layout_loops_cross, enter_bailey_2, serial_shops, nicolae_square_shop,
          hellmonk_ghost_happy_afterlife
D:8:      layout_basic, nicolae_elyvilon_peaceful_grove, solitary_fountain,
          uniq_maurice
D:9:      layout_long_grid, kennysheep_mini, orc_0_dummy, grunt_ministairs_14,
          mrwooster_statue_mirror, uniq_joseph, uniq_maggie
Temple:   mainiacjoe_temple_bowtie_tessellation

Skill      XL: |  1  2  3  4  5  6  7  8  9 10 |
---------------+-------------------------------+-----
Axes           | 3 4 5 7 8 9 |  9.5
Fighting       | 4 5 6 7 9 10 | 10.3
Armour         | 1 2 3 4 5 7 8 |  8.7
Dodging        | 2 |  2.2
Spellcasting   | |  1.0
Fire Magic     | |  2.6

Action                   |  1- 3 |  4- 6 |  7- 9 | 10-12 || total
-------------------------+-------+-------+-------+-------++-------
Melee: Hand axe          |   133 |   138 |   314 |   199 ||   784
       Punch             |       |     2 |     6 |     4 ||    12
       Touch             |       |       |    27 |    26 ||    53
Invok: Fiery Armour      |     2 |     3 |     3 |       ||     8
       Rising Flame      |       |     1 |       |       ||     1
  Use: Scroll            |       |    10 |     8 |     3 ||    21
       Potion            |       |       |     1 |     1 ||     2
Armor: Robe              |    30 |    10 |       |       ||    40
       Scale mail        |       |    35 |   106 |    46 ||   187
Dodge: Dodged            |    82 |    52 |   100 |    87 ||   321
Block: Other             |    19 |    44 |   116 |    49 ||   228

Table legend: (Time is in decaauts)
 A = Elapsed time spent in this place.
 B = Non-inter-level travel time spent in this place.
 C = Inter-level travel time spent in this place.
 D = Time resting spent in this place.
 E = Time spent auto-exploring this place.
 F = Levels seen in this place.
 G = Mean time per level.
                   A        B        C        D        E       F      G
               +--------+--------+--------+--------+--------+-----+--------+
         Total |   9973 |   9464 |    509 |   1017 |   6540 |  12 |  831.1 |
       Dungeon |   8820 |   8343 |    477 |   1017 |   5792 |   9 |  980.0 |
        Temple |    244 |    213 |     31 |      0 |    201 |   1 |  244.0 |
         Sewer |    473 |    473 |      0 |      0 |    256 |   1 |  473.0 |
        Bailey |    434 |    434 |      0 |      0 |    290 |   1 |  434.0 |
               +--------+--------+--------+--------+--------+-----+--------+

Top non-repeatable levels by time:
     D:3: 1271 daAuts
     D:2: 1222 daAuts
     D:5: 1185 daAuts
     D:8: 1115 daAuts
     D:7: 1000 daAuts
     D:1: 924 daAuts
     D:4: 785 daAuts
     D:6: 705 daAuts
     D:9: 612 daAuts
   Sewer: 473 daAuts
  Bailey: 434 daAuts
  Temple: 244 daAuts
